 Dungeon Crawl Stone Soup version 0.29.1-2-gbd0b4ee654 (webtiles) character file.

Game seed: 5024671073042057113

2250 safid the Skirmisher (level 9, -1/78 (81) HPs)
             Began as a Minotaur Hunter on Oct 24, 2022.
             Slain by an orc warrior
             ... wielding a +3 hand axe
              (12 damage)
             ... on level 7 of the Dungeon.
             The game lasted 00:13:09 (7406 turns).

safid the Skirmisher (Minotaur Hunter)              Turns: 7406, Time: 00:13:10

HP:   -1/78 (81)    AC:  6    Str: 19    XL:     9   Next: 15%
MP:   8/8           EV: 11    Int:  6    God:
Gold: 9             SH:  5    Dex: 18    Spells: 8/8 levels left

rFire   . . .      SeeInvis .   a - +0 shortbow
rCold   . . .      Faith    .   (shield currently unavailable)
rNeg    . . .      Spirit   .   h - +0 ring mail
rPois   .          Reflect  +   (helmet restricted)
rElec   .          Harm     .   (no cloak)
rCorr   .          Rampage  .   u - +0 pair of gloves {Str+3}
Will    .....                   (no boots)
Stlth   +.........              w - amulet of reflection
HPRegen 0.23/turn               (no ring)
MPRegen 0.11/turn               (no ring)

@: lightly drained
A: horns 2, retaliatory headbutt
a: no special abilities


You were on level 7 of the Dungeon.
You visited 2 branches of the dungeon, and saw 8 of its levels.

You collected 343 gold pieces.
You spent 334 gold pieces at shops.

Inventory:

Hand Weapons
 a - a +0 shortbow (weapon)
Armour
 h - a +0 ring mail (worn)
 u - a +0 pair of gloves of strength (worn)
Jewellery
 w - an amulet of reflection (around neck)
Wands
 q - a wand of flame (15)
 x - a wand of charming (10)
Scrolls
 c - a scroll of fear {unknown}
 e - 2 scrolls of blinking
 i - a scroll of summoning
 n - a scroll of poison {unknown}
 o - a scroll of teleportation {unknown}
 s - a scroll of magic mapping {unknown}
 t - 2 scrolls of butterflies
 y - a scroll of enchant weapon {unknown}
Potions
 b - 3 potions of invisibility
 d - 2 potions of might
 f - 2 potions of mutation {unknown}
 g - 2 potions of attraction {unknown}
 k - a potion of degeneration {unknown}
 l - a potion of magic {unknown}
 m - a potion of heal wounds {unknown}
 p - a potion of lignification {unknown}
 v - 4 potions of haste


   Skills:
 - Level 8.0 Fighting
 + Level 12.1 Ranged Weapons
 - Level 2.1 Dodging
 - Level 0.7 Stealth


You had 8 spell levels left.
You didn't know any spells.
Your spell library contained the following spells:

 Spells                   Type           Power      Damage    Failure   Level
 Foxfire                  Conj/Fire      0%         2x1d4     65%         1
 Magic Dart               Conj           0%         1d3       65%         1
 Sandblast                Erth           0%         2d4       65%         1
 Shock                    Conj/Air       0%         1d3       65%         1
 Passwall                 Tmut/Erth      0%         N/A       78%         2
 Searing Ray              Conj           0%         2d4       78%         2
 Conjure Flame            Conj/Fire      0%         6-21      95%         3
 Inner Flame              Hex/Fire       0%         N/A       95%         3
 Stone Arrow              Conj/Erth      0%         3d7       95%         3
 Swiftness                Air            0%         N/A       95%         3
 Airstrike                Air            0%         2d(0-16)  100%        4
 Animate Armour           Summ/Erth      0%         N/A       100%        4
 Flame Wave               Conj/Fire      0%         2d4       100%        4
 Fulminant Prism          Conj/Hex       0%         3d6       100%        4
 Blade Hands              Tmut           0%         N/A       100%        5
 Fireball                 Conj/Fire      0%         3d3       100%        5
 Conjure Ball Lightning   Conj/Air       0%         3x3d6     100%        6
 Iron Shot                Conj/Erth      0%         9d1       100%        6
 Starburst                Conj/Fire      0%         6d3       100%        6
 Discord                  Hex            0%         N/A       100%        8
 Disjunction              Tloc           0%         N/A       100%        8
 Ignition                 Fire           0%         3d3       100%        8


Dungeon Overview and Level Annotations

Branches:
Dungeon (7/15)             Temple (1/1) D:6

Altars:
Cheibriados
Dithmenos
Fedhas
Gozag
Hepliaklqana
Makhleb
Nemelex Xobeh
Qazlal
Sif Muna
Trog
Uskayaw
Vehumet
Wu Jian
Xom
Yredelemnul
Zin
The Shining One

Shops:
D:3 [   D:5 [

Annotations:
D:2 1 runed translucent door, Crazy Yiuf


Innate Abilities, Weirdness & Mutations

You have a pair of horns on your head.
You reflexively headbutt those who attack you in melee.


Message History

You shoot an arrow.
The arrow hits the sky beast but does no damage.
The sky beast is severely wounded.
The sky beast hits you. The sky beast shocks you.
You block the sky beast's attack.
You shoot an arrow.
The arrow hits the sky beast but does no damage.
The sky beast is severely wounded.
The sky beast hits you but does no damage.
The sky beast misses you. You furiously retaliate!
You headbutt the sky beast. You shoot an arrow. The arrow hits the sky beast!
You kill the sky beast!
The sky beast hits you. The sky beast shocks you.
You shoot an arrow. The arrow hits the sky beast.
The sky beast is moderately wounded.
The orc warrior hits you with a +3 hand axe.
The sky beast hits you but does no damage.
You shoot an arrow. The arrow hits the sky beast!
The sky beast is severely wounded.
The orc warrior hits you with a +3 hand axe!
The sky beast hits you but does no damage.
You shoot an arrow.
The arrow hits the sky beast but does no damage.
The sky beast is severely wounded.
The orc warrior hits you with a +3 hand axe!
The sky beast flickers out of sight!
Deactivating autopickup; reactivate with Ctrl-A.
Something hits you. Something shocks you.
The orc warrior attacks as you move away!
The orc warrior hits you with a +3 hand axe!
* * * LOW HITPOINT WARNING * * *
Something hits you.
* * * LOW HITPOINT WARNING * * *
Something shocks you.
* * * LOW HITPOINT WARNING * * *
Something hits you but does no damage.
There is an open door here.
There is a stone staircase leading up here.
The orc warrior hits you with a +3 hand axe!
You die...

#...##..#.......# .
#...##.{#.......##+############.
#...##..##......................
#....#..o#......................
#....#...#......................
#...####'#......................
#...###..[<###'######..###.....#
#.....#....#...o.##......+.....#
#.....#....#...@##..##...#.....#
#.....'....#....#....##........#
.##+####....##+###..._.#........#
.........#'###..##....##.)##+##.#
.........#.......##..##.......+.#
.........#........##.....#....#.#
.........#.###...#####..#######.#
.##+###########'####.)#####
..................#


You could see an orc warrior.

Vanquished Creatures
  A sky beast (D:7)
  An ice beast (D:5)
  A black bear (D:6)
  2 ogres
  A centaur (D:5)
  2 phantoms
  A necrophage (D:2)
  4 scorpions
  10 wights
  3 hounds
  4 jellies
  3 iguanas
  8 orc wizards (D:6)
  Robin (D:2)
  7 gnolls
  8 adders
  A shadow imp (D:6)
  A white imp (D:7)
  An ufetubus (D:5)
  4 worms
  4 orcs
  7 bats
  13 endoplasms
  5 giant cockroaches
  7 hobgoblins
  3 jackals (D:3)
  5 quokkas
  7 ball pythons
  A frilled lizard (D:3)
  15 goblins
  17 kobolds
  2 rats
150 creatures vanquished.

Vanquished Creatures (others)
  An orc wizard (D:6)
  A fungus (D:2)
  4 toadstools (D:2)
6 creatures vanquished.

Grand Total: 156 creatures vanquished

Notes
Turn   | Place    | Note
-------+----------+-------------------------------------------
     0 | D:1      | safid the Minotaur Hunter began the quest for the Orb.
     0 | D:1      | Reached XP level 1. HP: 18/18 MP: 0/0
   381 | D:1      | Reached XP level 2. HP: 25/25 MP: 1/1
   617 | D:1      | You fall into a shaft and drop 1 floor!
   658 | D:2      | Identified the +0 robe "Zomee" {rF- Str-2 Int+9 Slay+5}
   670 | D:2      | Noticed a necrophage
   681 | D:2      | Killed a necrophage
   682 | D:2      | Reached skill level 5 in Ranged Weapons
   682 | D:2      | Reached XP level 3. HP: 31/33 MP: 2/2
   682 | D:2      | Reached XP level 4. HP: 37/40 MP: 3/3
  1045 | D:2      | Noticed Robin
  1068 | D:2      | Killed Robin
  1391 | D:2      | Reached XP level 5. HP: 47/47 MP: 4/4
  1395 | D:2      | Reached skill level 5 in Fighting
  1395 | D:2      | Reached skill level 6 in Ranged Weapons
  1793 | D:2      | Found a runed translucent door.
  1794 | D:2      | Noticed Crazy Yiuf
  1997 | D:2      | Found a faded altar of an unknown god.
  2593 | D:3      | Reached XP level 6. HP: 45/57 MP: 5/5
  2862 | D:3      | Found a stormy altar of Qazlal.
  2896 | D:3      | Found a sparkling altar of Nemelex Xobeh.
  3191 | D:3      | Found Iclatoyc's Antique Armour Emporium.
  3310 | D:4      | Found a blossoming altar of Fedhas.
  3365 | D:3      | Bought a pair of glowing gloves for 172 gold pieces
  3468 | D:4      | Reached skill level 7 in Ranged Weapons
  3660 | D:4      | Reached XP level 7. HP: 62/64 MP: 6/6
  4098 | D:5      | Entered Level 5 of the Dungeon
  4496 | D:5      | Found Araampon's Antique Armour Boutique.
  4621 | D:5      | Reached skill level 8 in Ranged Weapons
  4939 | D:6      | Found a staircase to the Ecumenical Temple.
  4955 | D:6      | Reached XP level 8. HP: 56/74 MP: 7/7
  4960 | D:6      | Reached skill level 9 in Ranged Weapons
  5281 | Temple   | Entered the Ecumenical Temple
  5460 | D:6      | Reached skill level 10 in Ranged Weapons
  5646 | D:6      | Found an ornate altar of the Wu Jian Council.
  5874 | D:6      | Found a burning altar of Makhleb.
  5964 | D:6      | Reached skill level 11 in Ranged Weapons
  6574 | D:5      | Bought a warped ring mail for 162 gold pieces
  6574 | D:5      | Identified the +0 ring mail of the Hanged Man {Rampage}
                  | (You bought it in a shop on level 5 of the Dungeon)
  6677 | D:7      | Found a shadowy altar of Dithmenos.
  6767 | D:7      | Reached XP level 9. HP: 50/81 MP: 8/8
  7342 | D:6      | Reached skill level 12 in Ranged Weapons
  7406 | D:7      | Slain by an orc warrior

Illustrated notes

Levels and vault maps discovered:
D:1:      heliophobic_arrival_enchanted_forest, layout_basic
D:2:      cheibrodos_fertilizer, layout_basic,
          hellmonk_ecumenical_altar_inner_sanctum, uniq_robin,
          uniq_crazy_yiuf_cottage
D:3:      layout_loops_ring, old_standard_altar, mainiacjoe_overflow_catwalk,
          serial_shops, nicolae_square_shop
D:4:      nicolae_cairo_tiling, layout_basic, fedhas_ov_isle_minmay,
          grunt_decor_fettered, kennysheep_doodads
D:5:      layout_rooms, serial_shops, nicolae_shop_advertising_works
          [nicolae_subvault_shop_adworks], hellmonk_bongcloud_opening
D:6:      minmay_flawed_box, layout_basic, lemuel_doored_altar,
          minmay_temple_entry_offerings, minmay_ruined_shrine
D:7:      layout_gridville, okawaru_humans,
          nicolae_dithmenos_through_a_glass_darkly, ebering_ghost_disaster_area,
          minmay_lizard_king
Temple:   nicolae_temple_x_marks_the_god

Skill      XL: |  1  2  3  4  5  6  7  8  9 |
---------------+----------------------------+-----
Fighting       | 4 5 6 8 |  8.0
Ranged Weapons | 5 6 7 8 11 12 | 12.1
Dodging        | |  2.1
Stealth        | |  0.7

Action                   |  1- 3 |  4- 6 |  7- 9 || total
-------------------------+-------+-------+-------++-------
Melee: Shortbow          |       |       |     4 ||     4
       Headbutt          |       |       |     1 ||     1
 Fire: Shortbow          |    65 |   218 |   279 ||   562
  Use: Scroll            |       |       |    10 ||    10
       Potion            |       |       |     4 ||     4
Armor: Leather armour    |     2 |       |       ||     2
       Ring mail         |     5 |    45 |    63 ||   113
Dodge: Dodged            |    14 |    78 |    71 ||   163
Block: Other             |       |       |    40 ||    40
       Reflection        |       |       |     2 ||     2
